 Dungeon Crawl Stone Soup version 0.30-b1-2-g02819fbbbe (webtiles) character file.

Game seed: 9561662780526063502

45 nightchill the Grave Robber (level 3, 24/26 HPs)
             Began as a Mummy Necromancer on May 4, 2023.
             Quit the game on level 2 of the Dungeon on May 15, 2023.
             The game lasted 00:03:11 (994 turns).

nightchill the Grave Robber (Mummy Necromancer)      Turns: 994, Time: 00:03:12

Health: 24/26      AC:  2    Str: 13    XL:     3   Next: 42%
Magic:  2/7        EV: 12    Int: 14    God:
Gold:   49         SH:  0    Dex: 12    Spells: 7/8 levels left

rFire   x . .        b - +0 short sword
rCold   + . .        (no shield)
rNeg    + + +        a - +0 robe
rPois   ∞            (no helmet)
rElec   .            (no cloak)
rCorr   .            (no gloves)
SInv    .            (no boots)
Will    .....        f - amulet of the acrobat
Stlth   ++           (no ring)
HPRegen 0.24/turn    (no ring)
MPRegen 0.10/turn

%: acrobat, faith
@: very slightly contaminated
A: cold resistance 1, negative energy resistance 3, torment resistance 2, heat
vulnerability 1, in touch with death 1, no potions, faith
a: no special abilities


You were on level 2 of the Dungeon.
You visited 1 branch of the dungeon, and saw 2 of its levels.

You collected 49 gold pieces.

Inventory:

Hand Weapons
 b - a +0 short sword (weapon)
Armour
 a - a +0 robe (worn)
Magical Staves
 g - a staff of fire
Jewellery
 f - an amulet of the acrobat (around neck)
Scrolls
 c - a scroll of immolation {unknown}
 d - a scroll of enchant weapon {unknown}
 e - 4 scrolls of identify {unknown}


   Skills:
 * Level 1.1 Fighting
 + Level 0.1 Short Blades
 - Level 1.5 Dodging
 - Level 1.5 Stealth
 + Level 3.0 Spellcasting
 * Level 4.8 Necromancy


You had 7 spell levels left.
You knew the following spells:

 Your Spells              Type           Power      Damage    Failure   Level
a - Necrotise             Necr           92%        1d8       3%          1

Your spell library contained the following spells:

 Spells                   Type           Power      Damage    Failure   Level
 Vampiric Draining        Necr           23%        2d7       9%          3
 Animate Dead             Necr           23%        N/A       28%         4
 Gell's Gravitas          Tloc           2%         N/A       54%         3
 Teleport Other           Tloc           2%         N/A       54%         3
 Agony                    Necr           23%        N/A       63%         5
 Dispersal                Tloc           1%         N/A       100%        6


Dungeon Overview and Level Annotations

Branches:
Dungeon (2/15)

Altars:


Innate Abilities, Weirdness & Mutations

You are immune to poison.
Your flesh is cold resistant. (rC+)
You are immune to negative energy. (rN+++)
You are immune to unholy pain and torment.
You are vulnerable to heat. (rF-)
You are in touch with the powers of death.
You do not drink.
You have a special connection with the divine. (Faith)


Message History

Press: ? - help, Shift-Dir - straight line, f/p - adder
Aim: an adder (chance to affect: 87%)
You feel a surge of power!
The adder writhes in agony.
Casting: Necrotise (safe; 3% risk of failure)
Confirm with . or Enter, or press ? or * to list all spells.
Aiming: Necrotise (safe; 3% risk of failure)
Press: ? - help, Shift-Dir - straight line, f/p - adder
Aim: an adder (moderately wounded, ally target, chance to affect: 87%)
You feel a surge of power!
The adder writhes in agony.
The adder bites you.
Casting: Necrotise (safe; 3% risk of failure)
Confirm with . or Enter, or press ? or * to list all spells.
Aiming: Necrotise (safe; 3% risk of failure)
Press: ? - help, Shift-Dir - straight line, f/p - adder
Aim: an adder (severely wounded, ally target, chance to affect: 87%)
You feel a surge of power!
The adder writhes in agony!
You kill the adder!
The dead are slithering!
Your Spellcasting skill increases to level 3!
Casting: Necrotise (safe; 3% risk of failure)
Confirm with . or Enter, or press ? or * to list all spells.
Aiming: Necrotise (safe; 3% risk of failure)
Press: ? - help, Shift-Dir - straight line, f - goblin
Aim: a goblin, wielding a +0 club (ally target, chance to affect: 91%)
You feel a surge of power!
The goblin writhes in agony!
You kill the goblin!
The dead are walking!
Unknown command.
Casting: Necrotise (safe; 3% risk of failure)
Confirm with . or Enter, or press ? or * to list all spells.
You can't see any susceptible monsters within range! (Use Z to cast anyway.) Unknown command.
Casting: Necrotise (safe; 3% risk of failure)
Confirm with . or Enter, or press ? or * to list all spells.
You can't see any susceptible monsters within range! (Use Z to cast anyway.) Unknown command.
Unknown command.
Saving game... please wait.
Welcome back, nightchill the Mummy Necromancer.
Press ? for a list of commands and other information.
Are you sure you want to abandon this character and quit the game? (Confirm with "yes".)

#. ..#######
.....Z..#
........#
#..)...# #######
#......# #......#
#.....Z# #......#
#@# #......#
#Z#####......#
###.........!..#
#..............#
#..........>...#
#..............#
#####...########
..........####
.............####


You could see a friendly adder skeleton, a friendly rat skeleton and a friendly
goblin skeleton.

Vanquished Creatures
  An adder (D:2)
  A worm (D:2)
  A dart slug (D:1)
  4 endoplasms (D:1)
  2 giant cockroaches (D:1)
  2 goblins
  A hobgoblin (D:1)
  4 kobolds (D:1)
  2 quokkas
  4 ball pythons (D:1)
  3 bats (D:1)
  A frilled lizard (D:1)
  5 rats
31 creatures vanquished.

Vanquished Creatures (collateral kills)
  A ball python (D:1)
1 creature vanquished.

Grand Total: 32 creatures vanquished

Notes
Turn   | Place    | Note
-------+----------+-------------------------------------------
     0 | D:1      | nightchill the Mummy Necromancer began the quest for the
                  | Orb.
     0 | D:1      | Reached XP level 1. HP: 13/13 MP: 4/4
   114 | D:1      | Reached XP level 2. HP: 20/20 MP: 0/5
   478 | D:1      | Reached skill level 1 in Fighting
   551 | D:1      | Gained mutation: You are in touch with the powers of death.
                  | [Mummy growth]
   551 | D:1      | Reached XP level 3. HP: 21/26 MP: 5/7
   994 | D:2      | Quit the game

Illustrated notes

Levels and vault maps discovered:
D:1:      matt_arrival_los_fun, layout_rooms, moated_statue,
          roderic_serpentine_path
D:2:      minmay_inner_zag, layout_basic, chequers_jeans

Skill      XL: |  1  2  3 |
---------------+----------+-----
Fighting       | 1 |  1.1
Spellcasting   | 3 |  3.0
Short Blades   | |  0.1
Dodging        | |  1.5
Stealth        | |  1.5
Necromancy     | |  4.8

Action                     || total
---------------------------++-------
  Melee: Short sword       ||    29
   Cast: Necrotise         ||    40
 Armour: Robe              ||     6
  Dodge: Dodged            ||    23
